 Dungeon Crawl Stone Soup version 0.29.0-11-gd7f09526c8 (webtiles) character file.

Game seed: 17732570816251610673

9507 Pooter the Fighter (level 11, -15/95 HPs)
             Began as a Gnoll Wanderer on Sept 6, 2022.
             Was a Believer of Makhleb.
             Demolished by gelatine's ghost (21 damage)
             ... on level 9 of the Dungeon on Sept 7, 2022.
             The game lasted 01:11:24 (12050 turns).

Pooter the Fighter (Gnoll Wanderer)                Turns: 12050, Time: 01:11:25

Health: -15/95     AC: 31    Str: 18    XL:     11   Next: 47%
Magic:  13/20      EV:  8    Int:  9    God:    Makhleb [**....]
Gold:   232        SH:  0    Dex: 16    Spells: 23/23 levels left

rFire   . . .      SeeInvis +   a - +1 war axe (venom)
rCold   . . .      Faith    .   (no shield)
rNeg    . . .      Spirit   .   O - +8 plate armour of Lifelessness {Will+ rCorr Dex+4}
rPois   .          Reflect  .   c - +1 helmet {SInv}
rElec   .          Harm     .   o - +2 cloak {rCorr}
rCorr   +          Rampage  .   D - +2 pair of gloves {infuse}
Will    ++...                   B - +0 pair of boots
Stlth   ..........              X - amulet of regeneration
HPRegen 1.05/turn               V - +4 ring of slaying
MPRegen 0.17/turn               W - ring of willpower

@: studying Fighting
A: fangs 1, strong nose, distributed training
a: Renounce Religion, Minor Destruction


You were on level 9 of the Dungeon.
You worshipped Makhleb.
Makhleb was pleased with you.
You visited 3 branches of the dungeon, and saw 11 of its levels.
You also visited: Ossuary.

You collected 1392 gold pieces.
You spent 1160 gold pieces at shops.

Inventory:

Hand Weapons
 a - a +1 war axe of venom (weapon)
   (You found it on level 7 of the Dungeon)
 b - a +0 arbalest
   (You took it off an orc warrior on level 1 of the Orcish Mines)
 k - a +0 trident
   (You found it on level 1 of the Dungeon)
 r - a +0 morningstar
   (You took it off an orc on level 2 of the Dungeon)
 y - a +3 hand axe
 K - a +1 vorpal sling
   (You bought it in a shop on level 2 of the Dungeon)
 N - the +7 Throatcutter {drain, coup de grace}
   (You found it on level 6 of the Dungeon)

   A truly terrible weapon, it drains the life of any living foe it strikes.
   It may instantly kill foes which have little health.
 R - the +1 halberd of Exquisite Torment {vamp, Str+8}
   (You bought it in a shop on level 2 of the Dungeon)

   It occasionally heals its wielder for a portion of the damage dealt when it
   wounds a living foe.
   Str:       It affects your strength (+8).
 Y - a +0 sling
Missiles
 v - 2 datura-tipped darts
 L - 2 boomerangs of dispersal {!f}
 P - 13 boomerangs (quivered)
 Q - 62 stones
 T - 11 poisoned darts
 U - 3 javelins
Armour
 c - a +1 helmet of see invisible (worn)
   (You took it off Robin on level 2 of the Dungeon)
 l - a +0 kite shield
   (You found it on level 2 of the Dungeon)
 o - a +2 cloak of preservation (worn)
   (You bought it in a shop on level 8 of the Dungeon)
 p - a +1 hat of see invisible
   (You took it off Gastronok on level 1 of the Orcish Mines)
 B - a +0 pair of boots (worn)
   (You found it on level 5 of the Dungeon)
 D - a +2 pair of gloves of infusion (worn)
   (You bought it in a shop on level 3 of the Dungeon)
 O - the +8 plate armour of Lifelessness (worn) {Will+ rCorr Dex+4}
   (You found it on level 6 of the Dungeon)

   Dex:       It affects your dexterity (+4).
   rCorr:     It protects you from acid and corrosion.
   Will:      It increases your willpower.
Jewellery
 S - a ring of see invisible
   (You found it on level 2 of the Dungeon)
 V - a +4 ring of slaying (left hand)
   (You found it on level 9 of the Dungeon)
 W - a ring of willpower (right hand)
   (You found it on level 9 of the Dungeon)
 X - an amulet of regeneration (around neck)
   (You bought it in a shop on level 3 of the Dungeon)
Wands
 f - a wand of flame (13)
   (You found it on level 9 of the Dungeon)
 E - a wand of mindburst (7)
   (You found it on level 9 of the Dungeon)
Scrolls
 d - 3 scrolls of noise {!r}
 i - a scroll of identify {@r1}
 j - 3 scrolls of fear
 s - 2 scrolls of fog
 t - 7 scrolls of teleportation {@r4}
 u - a scroll of silence
 x - a scroll of enchant armour
 A - 2 scrolls of vulnerability {!r}
 C - a scroll of summoning
 F - a scroll of torment {!r}
 G - 2 scrolls of blinking
 M - a scroll of magic mapping
Potions
 e - 3 potions of mutation {!q}
 g - 4 potions of heal wounds {@q2}
 h - 4 potions of flight
 m - 2 potions of attraction {unknown}
 n - a potion of lignification {unknown}
 q - 4 potions of ambrosia
 w - a potion of might {unknown}
 z - 2 potions of cancellation {unknown}
 H - a potion of brilliance {unknown}
 I - 2 potions of curing {@q1}
 J - a potion of invisibility {unknown}
 Z - a potion of haste {@q3}


   Skills:
 + Level 11.7 Fighting
 + Level 6.5 Short Blades
 + Level 6.5 Long Blades
 + Level 10.8 Axes
 + Level 6.5 Maces & Flails
 + Level 6.5 Polearms
 + Level 6.5 Staves
 + Level 7.1 Ranged Weapons
 + Level 6.5 Throwing
 + Level 6.5 Armour
 + Level 6.5 Dodging
 + Level 6.5 Stealth
 + Level 6.5 Shields
 + Level 6.5 Unarmed Combat
 + Level 6.5 Spellcasting
 + Level 5.4 Conjurations
 + Level 5.4 Hexes
 + Level 5.4 Summonings
 + Level 5.4 Necromancy
 + Level 5.4 Translocations
 + Level 5.4 Transmutations
 + Level 5.4 Fire Magic
 + Level 5.4 Ice Magic
 + Level 5.4 Air Magic
 + Level 5.4 Earth Magic
 + Level 5.4 Poison Magic
 + Level 7.2 Invocations
 + Level 7.1 Evocations


You had 23 spell levels left.
You didn't know any spells.
Your spell library contained the following spells:

 Spells                   Type           Power      Damage    Failure   Level
 Foxfire                  Conj/Fire      48%        2x1d6     56%         1
 Sting                    Tmut/Pois      48%        1d5       56%         1
 Poisonous Vapours        Pois/Air       24%        N/A       71%         2
 Conjure Flame            Conj/Fire      12%        6-21      90%         3
 Dazzling Flash           Conj/Hex       24%        N/A       90%         3
 Gell's Gravitas          Tloc           12%        N/A       90%         3
 Inner Flame              Hex/Fire       12%        N/A       90%         3
 Ozocubu's Armour         Ice            12%        N/A       90%         3
 Teleport Other           Tloc           12%        N/A       90%         3
 Flame Wave               Conj/Fire      12%        2d6       100%        4
 Iskenderun's Mystic Bla  Conj/Tloc      12%        2d5       100%        4
 Leda's Liquefaction      Hex/Erth       6%         N/A       100%        4
 Olgreb's Toxic Radiance  Pois           12%        N/A       100%        4
 Lee's Rapid Deconstruct  Erth           6%         3d7*      100%        5
 Dispersal                Tloc           6%         N/A       100%        6
 Starburst                Conj/Fire      6%         6d4       100%        6
 Statue Form              Tmut/Erth      8%         N/A       100%        6
 Ozocubu's Refrigeration  Ice            6%         4d8       100%        7


Dungeon Overview and Level Annotations

Branches:
Dungeon (9/15)             Temple (1/1) D:5             Orc (1/2) D:9
Ossuary (visited)
   Lair: D:8-11

Altars:
Ashenzari
Cheibriados
Dithmenos
Elyvilon
Fedhas
Gozag
Hepliaklqana
Kikubaaqudgha
Makhleb
Qazlal
Sif Muna
Trog
Uskayaw
Vehumet
Wu Jian
Xom
Yredelemnul
Zin
The Shining One

Shops:
D:2 (   D:3 *   D:8 [

Annotations:
D:2 Sigmund
D:4 3 runed translucent doors, rumses's ghost, amateur HOFi
D:9 gelatine's ghost, novice MiBe


Innate Abilities, Weirdness & Mutations

You have very sharp teeth.
Your uncanny sense of smell can sniff out nearby items.
Your experience applies equally to all skills.


Message History

You see here a +0 trident.
Gelatine's ghost turns its malevolent gaze towards you.
There is an open door here.
Your +1 war axe of venom begins to drip with poison!
a - a +1 war axe of venom (weapon)
Okay, then.
Unknown command.
You open the gate. You barely miss gelatine's ghost.
Your punch misses gelatine's ghost.
You bite gelatine's ghost, but do no damage.
Gelatine's ghost hits you but does no damage.
You closely miss gelatine's ghost. Gelatine's ghost hits you!
You slice gelatine's ghost!! Gelatine's ghost hits you!!
You completely miss gelatine's ghost. Gelatine's ghost barely misses you.
You barely miss gelatine's ghost.
Gelatine's ghost hits you but does no damage.
You hit gelatine's ghost. Gelatine's ghost closely misses you.
You hit gelatine's ghost but do no damage.
Gelatine's ghost hits you!!
You closely miss gelatine's ghost. Gelatine's ghost hits you.
You hit gelatine's ghost but do no damage.
You bite gelatine's ghost, but do no damage.
Gelatine's ghost whispers, "There is no future for you."
Gelatine's ghost hits you!
* * * LOW HITPOINT WARNING * * *
You barely miss gelatine's ghost.
Gelatine's ghost hits you but does no damage.
You hit gelatine's ghost. Your bite misses gelatine's ghost.
Gelatine's ghost hits you!!
* * * LOW HITPOINT WARNING * * *
You closely miss gelatine's ghost. Your bite misses gelatine's ghost.
Gelatine's ghost hits you but does no damage.
You barely miss gelatine's ghost. Gelatine's ghost hits you!!
* * * LOW HITPOINT WARNING * * *
You slash gelatine's ghost!
Gelatine's ghost hits you but does no damage.
You barely miss gelatine's ghost.
Gelatine's ghost hits you but does no damage.
You miss gelatine's ghost. Your punch misses gelatine's ghost.
Gelatine's ghost hits you.
* * * LOW HITPOINT WARNING * * *
You hit gelatine's ghost.
You punch gelatine's ghost, but do no damage.
Gelatine's ghost barely misses you.
You hit gelatine's ghost but do no damage.
You punch gelatine's ghost.
Gelatine's ghost hits you but does no damage.
You hit gelatine's ghost but do no damage.
Gelatine's ghost hits you!!
You die...

#.#..#..# #......#
#.#..#..# #......#
#.#..##'# #.####.#
#.......# ### ###
#####...# ##### #...#
##...## #...# #.._..#
#...####...###
#...##...@...#
#...##.#'W'#.#
#####...##.#...#.####
#...###.'..#)?$#..'.#
#......<###########.#
#####'##..###########.#
##......#..##..#.......#
.#....#.'..##..#......##
.#....#.#......#..###.#


You could see gelatine's ghost.

Vanquished Creatures
  Gastronok (Orc:1)
  2 orc knights (D:9)
  An orc sorcerer (D:9)
  3 trolls (D:9)
  3 hornets
  A wraith (D:9)
  6 yaks
  A warg (D:9)
  Edmund (D:5)
  Duvessa (D:4)
  2 water moccasins
  10 orc warriors
  A sky beast (D:7)
  2 black bears (D:6)
  2 ice beasts
  5 ogres
  A centaur (D:8)
  2 phantoms (D:6)
  A kobold brigand (D:8)
  A scorpion (D:6)
  A necrophage (D:4)
  3 bullfrogs
  4 wights
  Dowan (D:4)
  8 killer bees (D:8)
  A howler monkey (D:9)
  2 hounds (D:6)
  9 orc priests
  3 iguanas
  17 orc wizards
  8 mummies (Ossuary)
  Robin (D:2)
  2 howler monkey zombies (D:9)
  3 gnolls (D:5)
  12 adders
  A shadow imp (D:7)
  A white imp (D:6)
  2 dart slugs (D:2)
  53 orcs
  2 ball pythons (D:2)
  2 bats
  An endoplasm (D:1)
  3 giant cockroaches
  4 gnoll zombies (Ossuary)
  12 goblins
  7 hobgoblins
  6 quokkas
  2 frilled lizards
  A hobgoblin zombie (Ossuary)
  9 kobolds
  3 orc zombies (Ossuary)
  4 rats
235 creatures vanquished.

Vanquished Creatures (collateral kills)
  2 orcs (Orc:1)
2 creatures vanquished.

Vanquished Creatures (others)
  A swamp drake (D:9)
  A human (D:4)
  An orc wizard (D:9)
  2 orcs (Orc:1)
5 creatures vanquished.

Grand Total: 242 creatures vanquished

Notes
Turn   | Place    | Note
-------+----------+-------------------------------------------
     0 | D:1      | Pooter the Gnoll Wanderer began the quest for the Orb.
     0 | D:1      | Pooter set off with the following items: a +3 hand axe, a
                  | +0 sling, a potion of berserk rage, a +0 leather armour.
     0 | D:1      | Reached XP level 1. HP: 26/26 MP: 1/1
   293 | D:1      | Reached XP level 2. HP: 33/33 MP: 2/2
   806 | D:2      | Found Leaceblu's Antique Weapon Boutique.
   865 | D:2      | Reached XP level 3. HP: 38/38 MP: 3/3
   866 | D:2      | Noticed Robin
   872 | D:2      | Killed Robin
   873 | D:2      | Reached skill level 1 in Invocations
   875 | D:2      | Reached skill level 1 in Short Blades
   875 | D:2      | Reached skill level 1 in Long Blades
   875 | D:2      | Reached skill level 1 in Maces & Flails
   875 | D:2      | Reached skill level 1 in Polearms
   875 | D:2      | Reached skill level 1 in Staves
   875 | D:2      | Reached skill level 1 in Throwing
   875 | D:2      | Reached skill level 1 in Armour
   875 | D:2      | Reached skill level 1 in Dodging
   875 | D:2      | Reached skill level 1 in Stealth
   875 | D:2      | Reached skill level 1 in Shields
   875 | D:2      | Reached skill level 1 in Unarmed Combat
   875 | D:2      | Reached skill level 1 in Spellcasting
  1354 | D:2      | Noticed Sigmund
  1507 | D:2      | Bought a runed sling for 94 gold pieces
  1826 | D:2      | Reached XP level 4. HP: 44/45 MP: 5/5
  1918 | D:3      | Reached skill level 1 in Conjurations
  1918 | D:3      | Reached skill level 1 in Hexes
  1918 | D:3      | Reached skill level 1 in Summonings
  1918 | D:3      | Reached skill level 1 in Necromancy
  1918 | D:3      | Reached skill level 1 in Translocations
  1918 | D:3      | Reached skill level 1 in Transmutations
  1918 | D:3      | Reached skill level 1 in Fire Magic
  1918 | D:3      | Reached skill level 1 in Ice Magic
  1918 | D:3      | Reached skill level 1 in Air Magic
  1918 | D:3      | Reached skill level 1 in Earth Magic
  1918 | D:3      | Reached skill level 1 in Poison Magic
  2026 | D:3      | Found a glowing golden altar of the Shining One.
  2026 | D:3      | Found a glowing silver altar of Zin.
  2026 | D:3      | Found a white marble altar of Elyvilon.
  2243 | D:3      | Found Qaoke's Assorted Antiques.
  2252 | D:3      | Bought a scroll labelled KYSOUN PALOQECI for 30 gold pieces
  2397 | D:4      | Found an ancient bone altar of Kikubaaqudgha.
  2397 | D:4      | Noticed a human
  2399 | D:4      | Killed a human
  2438 | D:4      | Noticed a necrophage
  2482 | D:4      | Reached XP level 5. HP: 39/51 MP: 5/7
  2563 | D:4      | Found a sand-covered staircase.
  2574 | Ossuary  | Entered an ossuary
  2694 | Ossuary  | Reached XP level 6. HP: 22/57 MP: 8/8
  3325 | D:2      | Bought a pitted halberd for 189 gold pieces
  3325 | D:2      | Identified the +1 halberd of Exquisite Torment {vamp,
                  | Str+8} (You bought it in a shop on level 2 of the Dungeon)
  3367 | D:5      | Entered Level 5 of the Dungeon
  3376 | D:5      | Noticed a water moccasin
  3548 | D:5      | Reached XP level 7. HP: 45/63 MP: 10/10
  3734 | D:5      | Reached skill level 9 in Fighting
  3939 | D:3      | Bought a bone wand for 120 gold pieces
  3967 | D:4      | Noticed Duvessa
  3967 | D:4      | Noticed Dowan
  3978 | D:4      | Killed Duvessa
  3989 | D:4      | Killed Dowan
  4115 | D:4      | Found a runed translucent gate.
  4115 | D:4      | Found a runed translucent gate.
  4119 | D:4      | Noticed rumses's ghost (amateur HOFi)
  4199 | D:3      | Bought a scroll labelled XEJ SYUQOK for 30 gold pieces
  4464 | D:4      | Found a shimmering altar of Xom.
  4465 | D:4      | Found a shimmering altar of Xom.
  4537 | D:4      | Found a shimmering altar of Xom.
  4625 | D:4      | Found a runed translucent gate.
  4625 | D:4      | Identified the +9 war axe of the Witching Gods {speed, rF+
                  | Dex+3}
  4777 | D:5      | Found a shadowy altar of Dithmenos.
  4810 | D:5      | Reached XP level 8. HP: 71/71 MP: 12/12
  4879 | D:5      | Noticed Edmund
  4886 | D:5      | Killed Edmund
  4909 | D:5      | Found an opulent altar of Gozag.
  4921 | D:5      | Found a blossoming altar of Fedhas.
  4989 | D:5      | Found a staircase to the Ecumenical Temple.
  4996 | Temple   | Entered the Ecumenical Temple
  5010 | Temple   | Became a worshipper of Makhleb the Destroyer
  5381 | D:6      | Found a snail-covered altar of Cheibriados.
  5500 | D:6      | Found a hide-covered altar of Uskayaw.
  6499 | D:6      | Reached XP level 9. HP: 77/77 MP: 14/14
  6499 | D:6      | Found the +7 Throatcutter {drain, coup de grace}
  6517 | D:6      | Identified the +8 plate armour of Lifelessness {Will+ rCorr
                  | Dex+4}
  7065 | D:7      | Reached skill level 5 in Ranged Weapons
  7065 | D:7      | Reached skill level 5 in Evocations
  7101 | D:7      | Found a hazy altar of Hepliaklqana.
  7412 | D:7      | Noticed a hornet
  7485 | D:7      | Paralysed by a hornet for 3 turns
  7487 | D:7      | Killed a hornet
  7719 | D:7      | Noticed a hornet
  7723 | D:7      | Killed a hornet
  7724 | D:7      | Reached skill level 5 in Invocations
  7983 | D:8      | Reached * piety under Makhleb
  8066 | D:8      | Found Vuceq's Armour Shop.
  8149 | D:8      | Found a shimmering blue altar of Sif Muna.
  8271 | D:8      | Reached skill level 10 in Fighting
  8369 | D:8      | Found a radiant altar of Vehumet.
  8465 | D:8      | Reached skill level 5 in Short Blades
  8465 | D:8      | Reached skill level 5 in Long Blades
  8465 | D:8      | Reached skill level 5 in Maces & Flails
  8465 | D:8      | Reached skill level 5 in Polearms
  8465 | D:8      | Reached skill level 5 in Staves
  8465 | D:8      | Reached skill level 5 in Throwing
  8465 | D:8      | Reached skill level 5 in Armour
  8465 | D:8      | Reached skill level 5 in Dodging
  8465 | D:8      | Reached skill level 5 in Stealth
  8465 | D:8      | Reached skill level 5 in Shields
  8465 | D:8      | Reached skill level 5 in Unarmed Combat
  8465 | D:8      | Reached skill level 5 in Spellcasting
  8465 | D:8      | Reached XP level 10. HP: 58/85 MP: 17/17
  8734 | D:9      | Found a stormy altar of Qazlal.
  8796 | D:9      | Found an ornate altar of the Wu Jian Council.
  9030 | D:3      | Bought a square diamond amulet for 150 gold pieces
  9259 | D:9      | Found a runed translucent gate.
  9259 | D:9      | Found a runed translucent gate.
  9259 | D:9      | Found a runed translucent gate.
  9259 | D:9      | Noticed gelatine's ghost (novice MiBe)
  9280 | D:9      | Found a basalt altar of Yredelemnul.
  9635 | D:8      | Reached skill level 10 in Axes
  9930 | D:9      | Found a staircase to the Orcish Mines.
  9992 | Orc:1    | Entered Level 1 of the Orcish Mines
 10018 | Orc:1    | Noticed Gastronok
 10232 | Orc:1    | Killed Gastronok
 10233 | Orc:1    | Reached skill level 11 in Fighting
 10233 | Orc:1    | Reached skill level 5 in Conjurations
 10233 | Orc:1    | Reached skill level 5 in Hexes
 10233 | Orc:1    | Reached skill level 5 in Summonings
 10233 | Orc:1    | Reached skill level 5 in Necromancy
 10233 | Orc:1    | Reached skill level 5 in Translocations
 10233 | Orc:1    | Reached skill level 5 in Transmutations
 10233 | Orc:1    | Reached skill level 5 in Fire Magic
 10233 | Orc:1    | Reached skill level 5 in Ice Magic
 10233 | Orc:1    | Reached skill level 5 in Air Magic
 10233 | Orc:1    | Reached skill level 5 in Earth Magic
 10233 | Orc:1    | Reached skill level 5 in Poison Magic
 10233 | Orc:1    | Reached XP level 11. HP: 78/93 MP: 18/20
 10278 | Orc:1    | Noticed an orc sorcerer
 10280 | Orc:1    | Noticed an orc knight
 10408 | D:9      | Reached ** piety under Makhleb
 10540 | D:9      | Killed an orc knight
 10657 | Orc:1    | Noticed an orc knight
 10663 | D:9      | Killed an orc sorcerer
 10693 | D:9      | Killed an orc knight
 11320 | Orc:1    | Found a shimmering blue altar of Sif Muna.
 11676 | D:8      | Bought a +2 cloak of preservation for 322 gold pieces
 11827 | D:3      | Bought a pair of runed gloves for 225 gold pieces
 12044 | D:9      | HP: 1/95 [gelatine's ghost (21)]
 12050 | D:9      | Demolished by gelatine's ghost

Illustrated notes

Levels and vault maps discovered:
D:1:      nzn_arrival_water_spiral, layout_loops_ring
D:2:      layout_basic, serial_shops, shop_statue, fountainhead,
          due_unseen_surprise, uniq_robin, uniq_sigmund
D:3:      layout_rooms, dreamdust_divine_triumvirate, serial_shops, shop
D:4:      layout_basic, tgw_kikubaaqudgha, xom_redecorated,
          nicolae_ossuary_entry_false_entrances, portal_sewer_entry_f,
          biasface_ghost_orc_armoury, chequers_mini_garden, minivault_26,
          uniq_duvessa
D:5:      layout_rooms, mainiacjoe_overflow_cross_hatched,
          mainiacjoe_overflow_large_starburst, minmay_temple_entry_fiery,
          minivault_5, uniq_edmund
D:6:      layout_layer_cave, cheibriados_altar_1, nicolae_overflow_hidden_temple
D:7:      layout_gridville, mainiacjoe_overflow_six_doors_small, eino_curves_02
D:8:      layout_rooms, mainiacjoe_overflow_catwalk, vehumet_crystals,
          serial_shops, nicolae_shop_hallway_stairs
D:9:      layout_stronghold, nicolae_yredelemnul_ghost_church,
          mainiacjoe_overflow_24_doors, amcnicky_altar_gilded, erik_orc_1,
          corner_web_ring, kennysheep_small_square
Temple:   nicolae_temple_two_arcs
Orc:1:    layout_caves, nicolae_volcano_entry_hallway, led_sif_book,
          uniq_gastronok

Skill      XL: |  1  2  3  4  5  6  7  8  9 10 11 |
---------------+----------------------------------+-----
Invocations    | 1 2 3 4 5 6 7 |  7.2
Short Blades   | 1 2 3 5 6 |  6.5
Long Blades    | 1 2 3 5 6 |  6.5
Maces & Flails | 1 2 3 5 6 |  6.5
Polearms       | 1 2 3 5 6 |  6.5
Staves         | 1 2 3 5 6 |  6.5
Throwing       | 1 2 3 5 6 |  6.5
Armour         | 1 2 3 5 6 |  6.5
Dodging        | 1 2 3 5 6 |  6.5
Stealth        | 1 2 3 5 6 |  6.5
Shields        | 1 2 3 5 6 |  6.5
Unarmed Combat | 1 2 3 5 6 |  6.5
Spellcasting   | 1 2 3 5 6 |  6.5
Conjurations   | 1 2 3 4 5 |  5.4
Hexes          | 1 2 3 4 5 |  5.4
Summonings     | 1 2 3 4 5 |  5.4
Necromancy     | 1 2 3 4 5 |  5.4
Translocations | 1 2 3 4 5 |  5.4
Transmutations | 1 2 3 4 5 |  5.4
Fire Magic     | 1 2 3 4 5 |  5.4
Ice Magic      | 1 2 3 4 5 |  5.4
Air Magic      | 1 2 3 4 5 |  5.4
Earth Magic    | 1 2 3 4 5 |  5.4
Poison Magic   | 1 2 3 4 5 |  5.4
Ranged Weapons | 3 4 5 6 7 |  7.1
Evocations     | 3 4 5 6 7 |  7.1
Fighting       | 9 10 11 | 11.7
Axes           | 9 10 | 10.8

Action                   |  1- 3 |  4- 6 |  7- 9 | 10-12 || total
-------------------------+-------+-------+-------+-------++-------
Melee: Hand axe          |    30 |   105 |       |       ||   135
       Bite              |     2 |    10 |    32 |    31 ||    75
       Halberd           |       |    28 |   233 |       ||   261
       War axe           |       |       |    53 |   215 ||   268
       Punch             |       |       |       |     2 ||     2
 Fire: Sling             |    31 |    64 |    11 |     4 ||   110
       Arbalest          |       |       |       |    20 ||    20
Throw: Stone             |     1 |       |     2 |       ||     3
       Boomerang         |       |       |    17 |    12 ||    29
       Dart              |       |       |       |     1 ||     1
Evoke: Wand              |       |       |     3 |     3 ||     6
  Use: Scroll            |     5 |     6 |     8 |     3 ||    22
       Potion            |     1 |     7 |     1 |     5 ||    14
 Stab: Confused          |       |       |       |     1 ||     1
Armor: Leather armour    |     7 |     7 |       |       ||    14
       Chain mail        |       |    80 |   150 |       ||   230
       Scale mail        |       |     3 |       |       ||     3
       Plate armour      |       |       |   109 |   162 ||   271
Dodge: Dodged            |    13 |    58 |   166 |    59 ||   296
Block: Kite shield       |     6 |    38 |    45 |   113 ||   202
